 Dungeon Crawl Stone Soup version 0.27-a0-1193-g8631133539 (webtiles) character file.

Game seed: 2606028897767938405

518 senseless the Chopper (level 7, -9/61 HPs)
             Began as a Minotaur Fighter on May 26, 2021.
             Was an Initiate of Qazlal.
             Mangled by an ogre
             ... wielding a +0 giant club
              (22 damage)
             ... on level 4 of the Dungeon.
             The game lasted 00:08:35 (3327 turns).

senseless the Chopper (Minotaur Fighter)            Turns: 3327, Time: 00:08:36

Health: -9/61      AC:  8    Str: 22    XL:     7   Next: 1%
Magic:  6/6        EV:  8    Int:  5    God:    Qazlal [......]
Gold:   217        SH: 10    Dex: 16    Spells: 6/6 levels left

rFire    . . .     SeeInvis .   a - +0 war axe
rCold    . . .     Faith    .   c - +0 kite shield
rNeg     . . .     Spirit   .   b - +0 scale mail
rPois    .         Reflect  .   h - +1 hat {Stlth+}
rElec    .         Harm     .   (no cloak)
rCorr    .         Rampage  .   (no gloves)
Will     .....                  (no boots)
Stlth    +.........             (no amulet)
HPRegen  0.20/turn              d - +6 ring of dexterity
MPRegen  0.10/turn              (no ring)

@: no status effects
A: horns 2, retaliatory headbutt
a: Renounce Religion


You were on level 4 of the Dungeon.
You worshipped Qazlal.
Qazlal was noncommittal.
You visited 1 branch of the dungeon, and saw 4 of its levels.

You collected 217 gold pieces.

Inventory:

Hand Weapons
 a - a +0 war axe (weapon)
 g - a +2 scythe of freezing
 l - a +0 hunting sling of freezing
 o - a +2 short sword of protection
Armour
 b - a +0 scale mail (worn)
 c - a +0 kite shield (worn)
 h - a +1 hat of stealth (worn)
Jewellery
 d - a +6 ring of dexterity (left hand)
Potions
 e - 5 potions of brilliance
 f - 3 potions of curing
 i - 2 potions of lignification
 j - a potion of flight {unknown}
 k - a potion of degeneration {unknown}
 m - a potion of berserk rage {unknown}
 n - a potion of magic {unknown}
 r - 2 potions of attraction


   Skills:
 + Level 5.1 Fighting
 + Level 6.5 Axes
 + Level 5.1 Armour
 + Level 1.4 Dodging
 + Level 4.8 Shields


You had 6 spell levels left.
You didn't know any spells.
Your spell library contained the following spells:

 Spells                   Type           Power      Damage    Failure   Level
 Animate Skeleton         Necr           0%         N/A       99%         1
 Corona                   Hex            0%         N/A       99%         1
 Pain                     Necr           0%         1d4       99%         1
 Ensorcelled Hibernation  Hex/Ice        0%         N/A       100%        2
 Sublimation of Blood     Necr           0%         N/A       100%        2
 Confusing Touch          Hex            0%         N/A       100%        3
 Dazzling Flash           Conj/Hex       0%         N/A       100%        3
 Tukima's Dance           Hex            0%         N/A       100%        3
 Vampiric Draining        Necr           0%         2d6       100%        3


Dungeon Overview and Level Annotations

Branches:
Dungeon (4/15)             Temple (0/1) D:4

Altars:
Kikubaaqudgha
Qazlal


Innate Abilities, Weirdness & Mutations

You have a pair of horns on your head.
You reflexively headbutt those who attack you in melee.


Message History

You hit the hound.
The hound is moderately wounded.
The hound bites you but does no damage. The hound barely misses you.
You hit the hound.
The hound is heavily wounded.
The hound bites you but does no damage. x2
You barely miss the hound.
The hound is heavily wounded.
The hound closely misses you. You furiously retaliate!
You headbutt the hound, but do no damage.
You block the hound's attack.
You hit the hound.
The hound is severely wounded.
The hound bites you but does no damage. The hound bites you.
You barely miss the hound. Your headbutt misses the hound.
The hound is severely wounded.
The hound bites you but does no damage. You block the hound's attack.
You slash the hound!
You kill the hound!
Qazlal accepts your kill.
You have reached level 7!
HP restored.
An ogre comes into view. It is wielding a +0 giant club.
The ogre shouts!
You see here a +0 hand axe.
The ogre hits you with a +0 giant club!!
You barely miss the ogre. The ogre hits you with a +0 giant club.
You barely miss the ogre. Your headbutt misses the ogre.
The ogre hits you with a +0 giant club!
You are too injured to fight recklessly!
You are too injured to fight recklessly!
You are too injured to fight recklessly!
You hit the ogre. You headbutt the ogre.
The ogre is lightly wounded.
The ogre hits you with a +0 giant club!
* * * LOW HITPOINT WARNING * * *
You slice the ogre!! Your headbutt misses the ogre.
The ogre is severely wounded.
The ogre hits you with a +0 giant club!!
You die...

#......##....#
###......##.##.#
.........##.##)#
...#.....#..##.#
<............#.# ###
#.......#..#.#.# ....
#.#.....#..#.#)# .....
.............#.#......
.##........>.#@..#
#.....>.#...O#.#
##...)..#......#
#####......#.[#
##...#..#..#
#[...#..#..#
###.#.....####
##............#
#.......<.....#


You could see an ogre.

Vanquished Creatures
  Sigmund (D:3)
  The ghost of rigao the Chucker, an amateur TrHu (D:3)
  3 quasits (D:3)
  A hound (D:4)
  Jessica (D:2)
  2 killer bee zombies (D:3)
  A hound zombie (D:3)
  4 adders
  2 adder skeletons
  2 adder zombies (D:3)
  A worm (D:3)
  A dart slug (D:2)
  An orc (D:3)
  7 bats
  A bat zombie (D:3)
  7 endoplasms
  7 hobgoblins
  12 jackals
  4 kobolds
  2 quokkas
  5 ball pythons
  2 frilled lizards (D:2)
  A gnoll skeleton (D:3)
  5 goblins
  A goblin skeleton (D:3)
  2 orc zombies (D:3)
  5 rats
82 creatures vanquished.

Notes
Turn   | Place    | Note
-------+----------+-------------------------------------------
     0 | D:1      | senseless the Minotaur Fighter began the quest for the Orb.
     0 | D:1      | Reached XP level 1. HP: 19/19 MP: 0/0
    15 | D:1      | Found a faded altar of an unknown god.
    30 | D:1      | Became a worshipper of Kikubaaqudgha
    30 | D:1      | Reached * piety under Kikubaaqudgha
    30 | D:1      | Identified Kikubaaqudgha's Disquisition on Darkness
                  | (Kikubaaqudgha gifted it to you on level 1 of the Dungeon)
    30 | D:1      | Received a gift from Kikubaaqudgha
   672 | D:1      | Reached XP level 2. HP: 25/27 MP: 1/1
   696 | D:1      | Fell from the grace of Kikubaaqudgha
   954 | D:2      | Reached skill level 3 in Axes
  1023 | D:2      | Reached XP level 3. HP: 32/33 MP: 2/2
  1057 | D:2      | Noticed Jessica
  1066 | D:2      | Killed Jessica
  1067 | D:2      | Reached XP level 4. HP: 29/40 MP: 3/3
  1480 | D:2      | Reached skill level 4 in Axes
  1552 | D:2      | Identified a scroll of acquirement
  1552 | D:2      | Acquired a +1 hat of stealth
  1633 | D:3      | Found a stormy altar of Qazlal.
  1638 | D:3      | Became a worshipper of Qazlal Stormbringer
  1749 | D:3      | Found a transporter.
  1759 | D:3      | Found a transporter.
  1893 | D:3      | Noticed rigao's ghost (amateur TrHu)
  2725 | D:3      | Noticed Sigmund
  2740 | D:3      | Killed Sigmund
  2741 | D:3      | Reached skill level 5 in Axes
  2741 | D:3      | Reached skill level 1 in Dodging
  2741 | D:3      | Reached XP level 5. HP: 4/47 MP: 4/4
  2741 | D:3      | Reached XP level 6. HP: 5/53 MP: 5/5
  3176 | D:3      | Killed rigao's ghost
  3177 | D:3      | Reached skill level 5 in Fighting
  3177 | D:3      | Reached skill level 6 in Axes
  3177 | D:3      | Reached skill level 5 in Armour
  3259 | D:4      | Found a staircase to the Ecumenical Temple.
  3266 | D:4      | Identified the -4 helmet of the Stallion {rElec Str+7
                  | Int-5}
  3306 | D:4      | Reached XP level 7. HP: 58/61 MP: 6/6
  3327 | D:4      | Mangled by an ogre

Illustrated notes

Levels and vault maps discovered:
D:1:      erik_arrival_orb_chamber, layout_basic, ebering_ecumenical_altar_box
D:2:      layout_rooms, minmay_joined_circles, uniq_jessica
D:3:      layout_basic, grunt_qazlal_clouds, gammafunk_ghost_stat_death,
          uniq_sigmund
D:4:      layout_rooms, minmay_temple_entry_offerings, minmay_snake_closets

Skill      XL: |  1  2  3  4  5  6 |
---------------+-------------------+-----
Armour         | 4 5 |  5.1
Fighting       | 4 5 |  5.1
Axes           | 3 5 6 |  6.5
Shields        | 4 |  4.8
Dodging        | 1 |  1.4

Action                   |  1- 3 |  4- 6 |  7- 9 || total
-------------------------+-------+-------+-------++-------
Melee: War axe           |    58 |    99 |     4 ||   161
       Headbutt          |     7 |    12 |     1 ||    20
Invok: Renounce Religion |     1 |       |       ||     1
  Use: Scroll            |     1 |    10 |       ||    11
       Potion            |       |     2 |       ||     2
 Stab: Sleeping          |       |     2 |       ||     2
Armor: Scale mail        |    35 |    60 |       ||    95
Dodge: Dodged            |    28 |    44 |       ||    72
Block: Kite shield       |    28 |    44 |       ||    72

Table legend: (Time is in decaauts)
 A = Elapsed time spent in this place.
 B = Non-inter-level travel time spent in this place.
 C = Inter-level travel time spent in this place.
 D = Time resting spent in this place.
 E = Time spent auto-exploring this place.
 F = Levels seen in this place.
 G = Mean time per level.
                   A        B        C        D        E       F      G
               +--------+--------+--------+--------+--------+-----+--------+
         Total |   3422 |   3299 |    123 |    609 |   2174 |   4 |  855.5 |
       Dungeon |   3422 |   3299 |    123 |    609 |   2174 |   4 |  855.5 |
               +--------+--------+--------+--------+--------+-----+--------+

Top non-repeatable levels by time:
     D:3: 1718 daAuts
     D:1: 921 daAuts
     D:2: 710 daAuts
     D:4: 72 daAuts
